 Dungeon Crawl Stone Soup version 0.31-a0-1127-ge7b2bbabab (webtiles) character file.

Game seed: 2833234156487404972

50496 GreatBamboolord the Scholar (level 14, -8/104 HPs)
             Began as a Demonspawn Fire Elementalist on Dec 5, 2023.
             Was an Elder of Sif Muna.
             Killed from afar by a rime drake (27 damage)
             ... with an icy flash freeze
             ... on level 5 of the Lair of Beasts.
             The game lasted 01:19:08 (27910 turns).

GreatBamboolord the Scholar (DsFE)                 Turns: 27910, Time: 01:19:08

Health: -8/104     AC:  7    Str: 10    XL:     14   Next: 19%
Magic:  9/35       EV: 16    Int: 19    God:    Sif Muna [****..]
Gold:   349        SH:  0    Dex: 14    Spells: 3/29 levels left

rFire   + + +        P - +1 long sword "Beetleslayer" {freeze, Fly rPois rF+++ rC-}
rCold   . . .        (no shield)
rNeg    . . .        A - +0 steam dragon scales
rPois   +            (no helmet)
rElec   .            x - +0 cloak
rCorr   .            (no gloves)
SInv    .            v - +0 pair of boots
Will    +....        n - amulet of the acrobat
Stlth   +++          g - ring of protection from cold
HPRegen 0.37/turn    E - ring of magical power
MPRegen 0.24/turn

%: acrobat
@: flying
A: hooves 1, demonic guardian 3, foul stench 2
a: Renounce Religion, Channel Magic, Forget Spell, Divine Exegesis


You were on level 5 of the Lair of Beasts.
You worshipped Sif Muna.
Sif Muna was greatly pleased with you.
You visited 3 branches of the dungeon, and saw 17 of its levels.
You also visited: Ice Cave and Volcano.

You collected 1942 gold pieces.
You spent 1593 gold pieces at shops.

Inventory:

Hand Weapons
 c - a +2 whip of venom
 e - a +2 vampiric dagger
 P - the +1 long sword "Beetleslayer" (weapon) {freeze, Fly rPois rF+++ rC-}
   (You found it on level 2 of the Lair of Beasts)

   rF+++:     It renders you almost immune to fire.
   rC-:       It makes you vulnerable to cold.
   rPois:     It protects you from poison Fly: It grants you flight.
Missiles
 D - a throwing net
Armour
 v - a +0 pair of boots (worn)
 x - a +0 cloak (worn)
 A - +0 steam dragon scales (worn)
 J - the -1 pair of gloves "Zinop" {rC- Str-4 Dex+5 SInv}
   (You found it on level 10 of the Dungeon)

   Str-4:     It affects your strength (-4).
   Dex+5:     It affects your dexterity (+5).
   rC-:       It makes you vulnerable to cold.
   SInv:      It lets you see invisible.
Jewellery
 g - a ring of protection from cold (left hand)
 i - a +4 ring of slaying
 n - an amulet of the acrobat (around neck)
 E - a ring of magical power (right hand)
 I - the amulet "Luveipe" {Spirit Dex+5}
   (You found it in an ice cave)

   [amulet of guardian spirit]

   Spirit:    It causes incoming damage to be divided between your reserves of
   health and magic.
   Dex+5:     It affects your dexterity (+5).
Wands
 a - a wand of paralysis (31)
 j - a wand of acid (3)
 u - a wand of digging (12)
 w - a wand of roots (12)
 Q - a wand of mindburst (2)
Scrolls
 b - 2 scrolls of immolation
 d - a scroll of fog
 m - a scroll of noise
 p - 4 scrolls of enchant weapon
 y - 2 scrolls of teleportation
 C - 4 scrolls of fear
 R - a scroll of vulnerability
Potions
 k - 2 potions of ambrosia
 l - a potion of might {unknown}
 o - 3 potions of enlightenment {unknown}
 r - 6 potions of curing
 s - 4 potions of attraction
 t - 2 potions of mutation
 z - 2 potions of haste {unknown}
 B - 3 potions of resistance {unknown}
 F - 4 potions of magic
 G - 5 potions of brilliance
 H - 2 potions of berserk rage {unknown}
 N - 2 potions of lignification


   Skills:
 + Level 7.7 Fighting
 * Level 9.9 Dodging
 - Level 6.5 Stealth
 + Level 8.2 Spellcasting
 + Level 9.0 Conjurations
 - Level 3.1 Hexes
 - Level 6.0 Translocations
 * Level 10.0 Fire Magic
 * Level 7.2 Air Magic
 * Level 10.1 Invocations


You had 3 spell levels left.
You knew the following spells:

 Your Spells              Type           Power      Damage    Failure   Level
a - Foxfire               Conj/Fire      100%       2x1d9     1%          1
b - Scorch                Fire           90%        2d8       1%          2
c - Inner Flame           Hex/Fire       32%        N/A       1%          3
d - Lesser Beckoning      Tloc           60%        N/A       1%          2
e - Volatile Blastmotes   Fire/Tloc      76%        2d16      1%          3
f - Flame Wave            Conj/Fire      44%        2d11      1%          4
g - Teleport Other        Tloc           30%        N/A       2%          3
h - Iskenderun's Mystic   Conj/Tloc      36%        2d9       4%          4
i - Vhi's Electric Charg  Tloc/Air       64%        N/A       6%          4

Your spell library contained the following spells:

 Spells                   Type           Power      Damage    Failure   Level
 Gell's Gravitas          Tloc           30%        N/A       2%          3
 Sublimation of Blood     Necr           7%         N/A       14%         2
 Wereblood                Tmut           7%         N/A       14%         2
 Fulminant Prism          Conj/Hex       15%        3d10      8%          4
 Arcjolt                  Conj/Air       19%        1d29      9%          5
 Plasma Beam              Fire/Air       20%        2x1d32    36%         6
 Summon Ice Beast         Ice/Summ       7%         N/A       65%         4
 Summon Mana Viper        Hex/Summ       13%        N/A       78%         5
 Monstrous Menagerie      Summ           3%         N/A       100%        7
 Summon Hydra             Summ           3%         N/A       100%        7


Dungeon Overview and Level Annotations

Branches:
Dungeon (11/15)            Temple (1/1) D:4            Lair (5/5) D:8
  Swamp (0/4) Lair:2       Spider (0/4) Lair:3        Slime (0/5) Lair:5
    Orc (0/2) D:11          IceCv (visited)         Volcano (visited)

Altars:
Ashenzari
Cheibriados
Dithmenos
Fedhas
Gozag
Hepliaklqana
Kikubaaqudgha
Makhleb
Nemelex Xobeh
Okawaru
Qazlal
Ru
Sif Muna
Trog
Uskayaw
Vehumet
Wu Jian
Xom
Yredelemnul

Shops:
D:8 ![([   D:11 :

Annotations:
D:4 3 runed translucent doors, anet's ghost, amateur GnSh; naabman's ghost, amateur MiBe; topfpfpflanze's ghost, amateur FeCj
Lair:1 2 transporters, tish's ghost, journeyman SpHu


Innate Abilities, Weirdness & Mutations

You have large cloven feet.
A powerful demonic guardian rushes to your aid.
You sometimes emit foul miasma when damaged in melee.


Message History

* * * LOW HITPOINT WARNING * * *
A demonic guardian appears!
The four-headed hydra misses you.
The four-headed hydra completely misses you.
Casting: Volatile Blastmotes (safe; 1% risk of failure)
Confirm with . or Enter, or press ? or * to list all spells.
You erupt in a blast of force!
Your demonic guardian avoids your attack.
The mystic blast hits the bush!
The bush is lightly damaged.
The mystic blast hits the bush!
The bush is lightly damaged.
The mystic blast hits the rime drake!
The rime drake is moderately wounded.
The mystic blast hits the komodo dragon!
The komodo dragon is moderately wounded.
The komodo dragon is knocked back by the mystic blast.
The komodo dragon collides with the bush!
The bush is lightly damaged.
The komodo dragon is heavily wounded.
The mystic blast hits the four-headed hydra!
The four-headed hydra is heavily wounded.
The four-headed hydra is knocked back by the mystic blast.
The komodo dragon barely misses you.
Unknown command.
Casting: Iskenderun's Mystic Blast (dangerous; 4% risk of failure)
Confirm with . or Enter, or press ? or * to list all spells.
You erupt in a blast of force!
The mystic blast hits the bush.
The bush is lightly damaged.
The mystic blast hits the bush but does no damage.
The bush is lightly damaged.
Your demonic guardian avoids your attack.
The mystic blast hits the komodo dragon!
The komodo dragon is severely wounded.
The komodo dragon is knocked back by the mystic blast.
The komodo dragon collides with the bush!
The mystic blast hits the rime drake.
The rime drake is heavily wounded.
The rime drake breathes ice at you. The icy flash freeze hits you!!
You die...

##* *#* #.#### *.####....#*###
*#........##..##*#*
####.#..P...P...P#..**
#.#..##.............,*
#####....P.P.......P.P#**
##..............<.......*****
#..........Pl@.......P..,**,**
##...##.....○k3.........,***,,
#**#.†.###...P..<..8.....P.,,,,,,
#.##...###...D.............,~,,,~
#......##.....P.........P..~**~~~
#.....###..........<.......,**~~~
##..#..#.................P.~~~~,~
#..#..##........P.....(..,,~~~~~
#....###....#.P.......P..,,**~**


You could see a four-headed hydra, a komodo dragon, a rime drake (catching
breath, ally target) and a friendly soul eater (summoned).

Vanquished Creatures
  An eleionoma (Lair:1)
  Nessos (Lair:3)
  Snorg (Lair:3)
  Erica (D:8)
  3 hydras
  A boulder beetle (Lair:3)
  11 death yaks
  A two-headed ogre (D:11)
  Urug (D:11)
  2 skysharks
  An arcanist (D:10)
  An oklob plant (Lair:3)
  A cyclops (D:10)
  3 salamanders (Volcano)
  8 elephants
  6 black mambas
  A gargoyle (D:7)
  8 cane toads
  Maggie (D:8)
  2 kobold demonologists
  4 rime drakes
  6 komodo dragons
  A polar bear (Lair:5)
  4 trolls
  A tarantella (Lair:3)
  8 blink frogs
  Grinder (D:3)
  A hornet (D:8)
  12 yaks
  3 wyverns
  A jumping spider (Lair:3)
  4 wraiths
  5 fire bats (Volcano)
  A basilisk (Lair:1)
  5 steam dragons
  2 vampire mosquitoes (D:10)
  3 wargs (D:11)
  12 water moccasins
  Menkaure (D:6)
  An acid dragon (D:11)
  An orc warrior (D:7)
  3 sky beasts
  4 black bears
  4 centaurs
  2 ogres
  10 wolves
  18 bullfrogs
  A scorpion (D:4)
  2 gnoll sergeants (D:7)
  3 wights (D:9)
  3 lindwurm simulacra (IceCv)
  10 killer bees
  3 electric eels
  7 howler monkeys
  4 komodo dragon simulacra (IceCv)
  7 hounds
  A jelly (D:7)
  6 lava snakes (Volcano)
  An orc priest (D:4)
  Crazy Yiuf (D:6)
  4 sleepcaps
  An iguana (D:7)
  A hell rat (Lair:5)
  10 orc wizards
  Terence (D:3)
  5 acid dragon simulacra (IceCv)
  8 gnolls
  4 adders
  3 shadow imps
  A white imp (D:6)
  8 steam dragon simulacra (IceCv)
  6 ufetubi
  3 worms
  2 dart slugs
  29 orcs
  10 ball pythons
  9 bats
  9 endoplasms
  4 giant cockroaches
  6 goblins
  9 hobgoblins
  3 quokkas
  7 frilled lizards
  12 kobolds
  9 rats
386 creatures vanquished.

Vanquished Creatures (collateral kills)
  A white draconian (IceCv)
  Josephine (D:10)
  4 death yaks
  2 salamanders (Volcano)
  An ugly thing (D:7)
  3 black mambas (Lair:5)
  2 cane toads
  2 ice statues (IceCv)
  A komodo dragon (Lair:5)
  A troll (D:10)
  A blink frog (Lair:3)
  2 wraiths
  2 yaks (Lair:5)
  A vampire mosquito (D:11)
  2 water moccasins
  An ogre (D:6)
  A kobold brigand (D:8)
  A komodo dragon simulacrum (IceCv)
29 creatures vanquished.

Vanquished Creatures (others)
  A rime drake (IceCv)
  An orc priest (D:5)
  An orc wizard (D:5)
  A gnoll (D:7)
  A white imp (D:8)
  421 foxfires
426 creatures vanquished.

Grand Total: 841 creatures vanquished

Notes
Turn   | Place    | Note
-------+----------+-------------------------------------------
     0 | D:1      | GreatBamboolord the Demonspawn Fire Elementalist began the
                  | quest for the Orb.
     0 | D:1      | Reached XP level 1. HP: 13/13 MP: 3/3
   252 | D:1      | Gained mutation: You may rarely emit foul miasma when
                  | damaged in melee. [demonic ancestry]
   252 | D:1      | Reached XP level 2. HP: 20/20 MP: 0/5
   315 | D:1      | Learned a level 2 spell: Scorch
   805 | D:1      | Reached XP level 3. HP: 25/25 MP: 1/6
   809 | D:1      | Learned a level 3 spell: Inner Flame
  1229 | D:2      | Gained mutation: You have large cloven feet. [demonic
                  | ancestry]
  1229 | D:2      | Reached XP level 4. HP: 15/31 MP: 0/7
  2171 | D:3      | Noticed Grinder
  2187 | D:3      | Killed Grinder
  2188 | D:3      | Reached skill level 1 in Fighting
  2188 | D:3      | Reached skill level 1 in Hexes
  2188 | D:3      | Reached XP level 5. HP: 14/37 MP: 3/9
  2188 | D:3      | Gained mutation: You sometimes emit foul miasma when
                  | damaged in melee. [demonic ancestry]
  2188 | D:3      | Reached XP level 6. HP: 16/43 MP: 3/10
  2467 | D:3      | Found a faded altar of an unknown god.
  2783 | D:3      | Found a burning altar of Makhleb.
  2784 | D:3      | Found a snail-covered altar of Cheibriados.
  2890 | D:3      | Noticed Terence
  2900 | D:3      | Killed Terence
  3595 | D:4      | Found Weasua's Distillery.
  3600 | D:4      | Found a staircase to the Ecumenical Temple.
  3610 | D:4      | Bought a potion of curing for 30 gold pieces
  3610 | D:4      | Bought a potion of curing for 30 gold pieces
  3610 | D:4      | Bought a potion of attraction for 30 gold pieces
  3610 | D:4      | Bought a potion of brilliance for 40 gold pieces
  3610 | D:4      | Bought a potion of curing for 30 gold pieces
  3610 | D:4      | Bought a potion of mutation for 80 gold pieces
  3613 | Temple   | Found a transporter.
  3613 | Temple   | Found a transporter.
  3613 | Temple   | Found a transporter.
  3613 | Temple   | Found a transporter.
  3613 | Temple   | Entered the Ecumenical Temple
  3884 | D:4      | Found a runed translucent gate.
  3885 | D:4      | Found a runed translucent gate.
  3885 | D:4      | Found a runed translucent gate.
  3886 | D:4      | Noticed anet's ghost (amateur GnSh)
  3887 | D:4      | Noticed naabman's ghost (amateur MiBe)
  3887 | D:4      | Noticed topfpfpflanze's ghost (amateur FeCj)
  3942 | D:4      | Reached skill level 1 in Translocations
  3942 | D:4      | Gained mutation: A weak demonic guardian rushes to your
                  | aid. [demonic ancestry]
  3942 | D:4      | Reached XP level 7. HP: 45/50 MP: 2/12
  4485 | D:5      | Entered Level 5 of the Dungeon
  4753 | D:5      | Found a radiant altar of Vehumet.
  5168 | D:5      | Learned a level 2 spell: Lesser Beckoning
  5172 | D:5      | Learned a level 3 spell: Volatile Blastmotes
  5432 | D:6      | Found a shadowy altar of Dithmenos.
  5674 | D:6      | Noticed Menkaure
  5806 | D:6      | Reached XP level 8. HP: 57/57 MP: 9/13
  6550 | D:6      | Killed Menkaure
  6747 | D:6      | Found an ornate altar of the Wu Jian Council.
  6808 | D:6      | Reached skill level 5 in Fire Magic
  7008 | D:6      | Found a runed translucent door.
  7009 | D:6      | Noticed Crazy Yiuf
  7222 | D:6      | Killed Crazy Yiuf
  7421 | D:7      | Reached XP level 9. HP: 57/64 MP: 8/15
  8382 | D:8      | Learned a level 4 spell: Flame Wave
  8388 | D:8      | Found a staircase to the Lair.
  8389 | D:8      | Noticed a komodo dragon
  8390 | D:8      | Noticed a komodo dragon
  8398 | D:8      | Reached skill level 5 in Conjurations
  8463 | D:7      | Killed a komodo dragon
  8464 | D:7      | Reached skill level 5 in Dodging
  8844 | D:8      | Killed a komodo dragon
  8845 | D:8      | Reached skill level 5 in Spellcasting
  8994 | D:8      | HP: 2/65 [poisoned by a kobold brigand (curare-tipped
                  | dart)]
  9233 | D:8      | Found Xeikaiv's Armour Shop.
  9254 | D:8      | Noticed Maggie
  9266 | D:8      | Killed Maggie
  9366 | D:8      | Reached XP level 10. HP: 52/72 MP: 3/17
  9467 | D:8      | Paralysed by a hornet for 2 turns
  9804 | D:8      | Found an opulent altar of Gozag.
  9835 | D:8      | Found Zegeer's Antique Weapon Shoppe.
  9843 | D:8      | Bought an ebony quarterstaff for 198 gold pieces
  9843 | D:8      | Identified the +4 quarterstaff of Spontaneous Combustion
                  | {antimagic, rElec} (You bought it in a shop on level 8 of
                  | the Dungeon)
  9871 | D:7      | Noticed a red ugly thing
  9880 | D:7      | Killed a red ugly thing
  9999 | D:7      | Noticed a gargoyle
 10174 | D:7      | Killed a gargoyle
 10175 | D:7      | Reached skill level 5 in Stealth
 10175 | D:7      | Reached skill level 5 in Translocations
 10293 | D:8      | Learned a level 3 spell: Teleport Other
 10556 | D:7      | Noticed a gargoyle
 10753 | D:7      | Noticed a smoke demon
 11141 | D:8      | Found Numan's Distillery.
 11147 | D:8      | Noticed Erica
 11153 | D:8      | Killed Erica
 11309 | D:8      | Bought a potion of magic for 120 gold pieces
 11309 | D:8      | Bought a potion of heal wounds for 75 gold pieces
 11309 | D:8      | Bought a potion of heal wounds for 75 gold pieces
 11309 | D:8      | Bought a potion of brilliance for 60 gold pieces
 11309 | D:8      | Bought a potion of curing for 45 gold pieces
 11333 | D:8      | Found Egasaqao's Distillery.
 11346 | D:8      | Bought a potion of curing for 45 gold pieces
 11346 | D:8      | Bought a potion of curing for 45 gold pieces
 11435 | D:8      | Found a sacrificial altar of Ru.
 11444 | D:8      | Reached skill level 5 in Fighting
 11500 | D:8      | Found Dumis's Armour Shop.
 11732 | D:8      | Found a stormy altar of Qazlal.
 12111 | D:9      | Gained mutation: A demonic guardian rushes to your aid.
                  | [demonic ancestry]
 12111 | D:9      | Reached XP level 11. HP: 63/79 MP: 16/20
 12125 | D:9      | Reached skill level 1 in Air Magic
 12858 | D:8      | Bought a potion of curing for 45 gold pieces
 12991 | D:10     | Entered Level 10 of the Dungeon
 13023 | D:10     | Found a shimmering blue altar of Sif Muna.
 13027 | D:10     | Became a worshipper of Sif Muna the Loreminder
 13168 | D:10     | Found a broken altar of Ashenzari.
 13190 | D:10     | Identified the -1 pair of gloves "Zinop" {rC- Str-4 Dex+5
                  | SInv}
 13198 | D:10     | Noticed an arcanist
 13207 | D:10     | Killed an arcanist
 13208 | D:10     | Reached skill level 1 in Invocations
 13421 | D:10     | Found an ancient bone altar of Kikubaaqudgha.
 13421 | D:10     | Found a blossoming altar of Fedhas.
 13569 | D:10     | Found a sparkling altar of Nemelex Xobeh.
 13611 | D:11     | Noticed Urug
 13695 | D:11     | HP: 3/80 [Urug/javelin (18)]
 14250 | D:11     | Killed Urug
 14265 | D:11     | Noticed a two-headed ogre
 14409 | D:11     | Noticed Josephine
 14870 | D:10     | Killed Josephine
 15102 | D:11     | Noticed a boulder beetle
 15105 | D:10     | Reached * piety under Sif Muna
 15231 | D:11     | Found a staircase to the Orcish Mines.
 15355 | D:11     | Killed a two-headed ogre
 15498 | D:11     | Found Ecemp's Vocational Training.
 15509 | D:11     | Noticed a boulder beetle
 15720 | Lair:1   | Entered Level 1 of the Lair of Beasts
 15975 | Lair:1   | Found a frozen archway.
 16085 | IceCv    | Entered an ice cave
 16488 | IceCv    | Learned a level 4 spell: Iskenderun's Mystic Blast
 16531 | IceCv    | Reached XP level 12. HP: 32/87 MP: 15/22
 17005 | IceCv    | Noticed a white draconian
 17014 | IceCv    | Reached skill level 5 in Invocations
 17040 | IceCv    | Identified the ring "Vyschu Noigh" {Fire Will- Str-4 Dex+4
                  | Stlth+}
 17044 | IceCv    | Identified the amulet "Luveipe" {Spirit Dex+5}
 17295 | IceCv    | Killed a white draconian
 17467 | Lair:1   | Reached ** piety under Sif Muna
 17693 | D:8      | Bought 2 potions of heal wounds for 150 gold pieces
 17693 | D:8      | Bought 2 potions of magic for 240 gold pieces
 17693 | D:8      | Bought a potion of lignification for 45 gold pieces
 17711 | D:8      | Bought a potion of magic for 120 gold pieces
 17711 | D:8      | Bought a potion of lignification for 45 gold pieces
 17711 | D:8      | Bought a potion of attraction for 45 gold pieces
 18256 | Lair:1   | Found a transporter.
 18257 | Lair:1   | Identified the +2 war axe of the Assorted Leylines {spect,
                  | Dex+3 Stlth+}
 18257 | Lair:1   | Identified the orb "Meni" {guile, Harm +Inv Str+2}
 18263 | Lair:1   | Found a transporter.
 18488 | Lair:2   | Identified the +1 long sword "Beetleslayer" {freeze, Fly
                  | rPois rF+++ rC-}
 18737 | Lair:2   | Noticed a death yak
 18738 | Lair:2   | Noticed a death yak
 18739 | Lair:2   | Noticed a death yak
 18739 | Lair:2   | Noticed a death yak
 18739 | Lair:2   | Noticed a death yak
 18739 | Lair:2   | Noticed a death yak
 18782 | Lair:1   | Noticed tish's ghost (journeyman SpHu)
 18806 | Lair:2   | Noticed an eleionoma
 18806 | Lair:2   | Found a staircase to the Swamp.
 18821 | Lair:1   | Killed an eleionoma
 19187 | Lair:3   | Noticed a boulder beetle
 19189 | Lair:3   | Found a hole to the Spider Nest.
 19349 | Lair:3   | Noticed Nessos
 19397 | Lair:3   | Killed Nessos
 19784 | Lair:3   | Killed a boulder beetle
 20011 | Lair:3   | Noticed a death yak
 20012 | Lair:3   | Noticed a death yak
 20014 | Lair:3   | Noticed a death yak
 20358 | Lair:3   | Noticed Snorg
 20371 | Lair:3   | Killed Snorg
 20372 | Lair:3   | Reached skill level 5 in Air Magic
 20385 | Lair:3   | Noticed a seven-headed hydra
 20396 | Lair:3   | Killed a seven-headed hydra
 20988 | Lair:4   | Gained mutation: A powerful demonic guardian rushes to your
                  | aid. [demonic ancestry]
 20988 | Lair:4   | Reached XP level 13. HP: 67/95 MP: 3/24
 21445 | Lair:4   | Reached *** piety under Sif Muna
 23726 | Lair:2   | HP: 2/96 [death yak (12)]
 25570 | Lair:5   | Entered Level 5 of the Lair of Beasts
 25619 | Lair:5   | Found a dark tunnel.
 25632 | Volcano  | Entered a volcano
 26214 | Volcano  | Noticed a red draconian
 26749 | Volcano  | Learned a level 4 spell: Vhi's Electric Charge
 27060 | Volcano  | Reached XP level 14. HP: 83/103 MP: 2/26
 27454 | Volcano  | Found a radiant altar of Vehumet.
 27481 | Volcano  | Found a burning altar of Makhleb.
 27617 | Lair:5   | Reached skill level 10 in Invocations
 27819 | Lair:5   | Reached skill level 10 in Fire Magic
 27883 | Lair:5   | Reached **** piety under Sif Muna
 27910 | Lair:5   | Killed from afar by a rime drake

Illustrated notes

Levels and vault maps discovered:
D:1:      dpeg_arrival_rooms_with_view, layout_basic
D:2:      layout_basic, minmay_misc_feat_cross, minmay_cut_off
D:3:      layout_loops_ring, nicolae_overflow_squiral, tso_metal_star,
          basic_ecumenical_altar, kennysheep_generic_room_5, uniq_grinder,
          uniq_terence
D:4:      layout_basic, zin_statuary, minmay_temple_entry_proselytizer,
          serial_shops, shop, gammafunk_ghost_cemetery,
          minmay_goblin_kobold_house
D:5:      layout_loops_ring, fiery_altar_vehumet
D:6:      layout_loops_cross, nicolae_dithmenos_the_darkroom,
          nzn_wu_jian_council_hall, grunt_decor_one_mirror, minmay_three_doors,
          uniq_crazy_yiuf_cottage, uniq_menkaure
D:7:      minmay_klotski, layout_loops_ring
D:8:      layout_loops_cross, nicolae_ru_awakened_eye,
          nicolae_gozag_seed_capital, general_overflow_altar,
          due_lair_maze_entry_diamond, serial_shops, nicolae_shop_waterfront,
          kennysheep_mini_moat, shop, nicolae_shop_back_alley_shop, shop,
          minmay_misc_feat_pillars, uniq_maggie, uniq_erica
D:9:      layout_rooms, einodemon_armed_red_devil_minivault
D:10:     layout_rooms, grunt_temple_overflow_growth_and_decay,
          cheibrodos_ashenzari_chains, led_sif_book,
          mainiacjoe_overflow_alcove_2
D:11:     layout_big_octagon, minmay_orc_entry_guard_dogs,
          nicolae_shop_vocational, uniq_urug, uniq_josephine
Temple:   hellmonk_temple_divided_pantheon
Lair:1:   layout_regular_city, portal_ice_cave_entry_pillars_1,
          gammafunk_ghost_hive
Lair:2:   layout_loops_ring, alex1729_swamp_entry_worm_eleionoma,
          infiniplex_staircase_pool, serial_bayou_shore_b
Lair:3:   minmay_lair_oklob_chamber, layout_chaotic_city,
          spider_nest_entry_rubble, uniq_nessos, uniq_snorg
Lair:4:   layout_gridlike, lemuel_fruit_fields, grunt_megastairs_2,
          serial_bayou_shore_a
Lair:5:   gammafunk_lair_ancient_temple, layout_gridlike,
          minmay_slime_entry_pillars, nicolae_volcano_entry_two_sided,
          evilmike_ambush [evilmike_ambush_outer_basic,
          evilmike_ambush_inner_basic]

Skill      XL: |  1  2  3  4  5  6  7  8  9 10 11 12 13 14 |
---------------+-------------------------------------------+-----
Dodging        | 2 3 4 5 6 7 8 9 |  9.9
Stealth        | 2 3 4 5 6 |  6.5
Fire Magic     | 3 4 5 6 7 8 9 10 | 10.0
Conjurations   | 2 3 4 5 6 7 8 9 |  9.0
Fighting       | 1 2 3 4 5 6 7 |  7.7
Spellcasting   | 3 4 5 6 7 8 |  8.2
Hexes          | 1 2 3 |  3.1
Translocations | 1 2 3 4 5 6 |  6.0
Air Magic      | 3 5 6 7 |  7.2
Invocations    | 4 7 9 10 | 10.1

Action                     |  1- 3 |  4- 6 |  7- 9 | 10-12 | 13-15 || total
---------------------------+-------+-------+-------+-------+-------++-------
  Melee: Whip              |     6 |    14 |    34 |    38 |       ||    92
         Kick              |       |     3 |     6 |    12 |       ||    21
         Long sword        |       |       |       |     9 |    60 ||    69
   Cast: Foxfire           |    58 |    90 |    86 |    17 |       ||   251
         Scorch            |     3 |    21 |   113 |   301 |    23 ||   461
         Inner Flame       |       |       |     1 |    14 |       ||    15
         Lesser Beckoning  |       |       |     4 |    12 |     3 ||    19
         Volatile Blastmot |       |       |     1 |     9 |   104 ||   114
         Flame Wave        |       |       |       |    50 |    28 ||    78
         Teleport Other    |       |       |       |    34 |     9 ||    43
         Iskenderun's Myst |       |       |       |       |    61 ||    61
 Invoke: Channel Magic     |       |       |       |       |     1 ||     1
    Use: Potion            |     1 |     1 |     6 |     9 |     4 ||    21
         Scroll            |       |     1 |     7 |    12 |     7 ||    27
   Stab: Sleeping          |       |     1 |       |     3 |     1 ||     5
         Distracted        |       |       |       |     1 |     1 ||     2
 Armour: Robe              |    16 |    17 |    13 |       |       ||    46
         Steam dragon scal |       |       |    86 |   285 |   290 ||   661
  Dodge: Dodged            |     6 |    19 |   118 |   413 |   337 ||   893

Table legend: (Time is in decaauts)
 A = Elapsed time spent in this place.
 B = Non-inter-level travel time spent in this place.
 C = Inter-level travel time spent in this place.
 D = Time resting spent in this place.
 E = Time spent auto-exploring this place.
 F = Levels seen in this place.
 G = Mean time per level.
                   A        B        C        D        E       F      G
               +--------+--------+--------+--------+--------+-----+--------+
         Total |  28054 |  26945 |   1109 |  10913 |  10805 |  19 | 1476.5 |
       Dungeon |  15879 |  15247 |    632 |   5049 |   7877 |  11 | 1443.5 |
        Temple |     37 |     30 |      7 |      0 |      0 |   1 |   37.0 |
          Lair |   8909 |   8440 |    469 |   3497 |   2891 |   5 | 1781.8 |
      Ice Cave |   1361 |   1361 |      0 |    995 |      5 |   1 | 1361.0 |
       Volcano |   1866 |   1866 |      0 |   1372 |     32 |   1 | 1866.0 |
               +--------+--------+--------+--------+--------+-----+--------+

Top non-repeatable levels by time:
  Lair:3: 2732 daAuts
  Lair:1: 2496 daAuts
     D:7: 2408 daAuts
     D:8: 2324 daAuts
    D:10: 2088 daAuts
  Lair:4: 1924 daAuts
 Volcano: 1866 daAuts
     D:6: 1852 daAuts
   IceCv: 1361 daAuts
  Lair:2: 1310 daAuts
     D:4: 1204 daAuts
     D:3: 1179 daAuts
     D:1: 1078 daAuts
     D:9: 1054 daAuts
     D:5: 1034 daAuts
